 Dungeon Crawl Stone Soup version 0.32-a0-799-g95e1662365 (webtiles) character file.

Game seed: 47462137145003144

903 Fodor the Chopper (level 7, -1/61 HPs)
             Began as a Minotaur Fighter on Mar 21, 2024.
             Slain by a gnoll
             ... wielding a +0 halberd
             ... led by a gnoll bouda
              (8 damage)
             ... on level 6 of the Dungeon.
             The game lasted 00:12:29 (2833 turns).

Fodor the Chopper (Minotaur Fighter)                Turns: 2833, Time: 00:12:31

Health: -1/61      AC: 13    Str: 26    XL:     7   Next: 80%
Magic:  6/6        EV: 11    Int:  4    God:
Gold:   271        SH:  4    Dex:  9    Spells: 6/6 levels left

rFire   + . .        a - +0 war axe
rCold   . . .        c - +0 buckler
rNeg    . . .        k - +0 plate armour
rPois   .            (helmet restricted)
rElec   .            (no cloak)
rCorr   .            (no gloves)
SInv    .            (no boots)
Will    +....        q - amulet of regeneration Stlth
                     o - +5 ring of evasion
HPRegen 1.10/turn    (no ring)
MPRegen 0.10/turn

%: no passive effects
@: enlightened, flying
A: horns 2, retaliatory headbutt, fire resistance 1, strong 1, teleportitis 1,
noise suppression
a: no special abilities


You were on level 6 of the Dungeon.
You visited 1 branch of the dungeon, and saw 6 of its levels.

You collected 271 gold pieces.

Inventory:

Hand Weapons
 a - a +0 war axe (weapon)
 C - a +0 shortbow
Armour
 b - a +0 scale mail
 c - a +0 buckler (worn)
 k - a +0 plate armour (worn)
Jewellery
 o - a +5 ring of evasion (left hand)
 q - an amulet of regeneration (around neck)
Wands
 u - a wand of paralysis (9)
Scrolls
 e - a scroll of brand weapon {unknown}
 g - 4 scrolls of fog {unknown}
 h - a scroll of blinking {unknown}
 i - 8 scrolls of identify {unknown}
 j - 4 scrolls of enchant armour {unknown}
 n - 2 scrolls of immolation {unknown}
 r - a scroll of amnesia {unknown}
 s - 2 scrolls of noise {unknown}
Potions
 d - a potion of might
 f - a potion of curing {unknown}
 l - a potion of ambrosia {unknown}
 m - a potion of heal wounds
 p - 2 potions of mutation
 t - a potion of experience {unknown}
 v - a potion of lignification {unknown}
 w - a potion of enlightenment
 z - a potion of degeneration {unknown}
 A - 2 potions of cancellation {unknown}
 B - a potion of brilliance {unknown}


   Skills:
 + Level 5.6 Fighting
 + Level 7.5 Axes
 + Level 6.6 Armour
 + Level 0.7 Dodging
 + Level 0.3 Stealth
 + Level 4.8 Shields


You had 6 spell levels left.
You didn't know any spells.
Your spell library contained the following spells:

 Spells                   Type           Power      Damage    Failure   Level
 Magic Dart               Conj           0%         1d3       100%        1
 Searing Ray              Conj           0%         2d4       100%        2
 Tukima's Dance           Hex            0%         N/A       100%        3
 Dimensional Bullseye     Hex/Tloc       0%         N/A       100%        4
 Fulminant Prism          Conj/Alch      0%         3d5       100%        4
 Iskenderun's Mystic Bla  Conj/Tloc      0%         2d3       100%        4


Dungeon Overview and Level Annotations

Branches:
Dungeon (6/15)
 Temple: D:4-7

Altars:
Yredelemnul


Innate Abilities, Weirdness & Mutations

You have a pair of horns on your head.
You reflexively headbutt those who attack you in melee.
Your flesh is heat resistant. (rF+)
Your muscles are strong. (Str +4, Int/Dex -1)
You are occasionally teleported next to monsters.
You passively dampen the noise of your surroundings.


Message History

The ice beast is almost dead.
The gnoll closely misses you. The ice beast hits you.
The ice beast freezes you!
You hit the ice beast but do no damage.
You headbutt the ice beast, but do no damage.
The ice beast is almost dead.
The gnoll closely misses you. The ice beast barely misses you.
You barely miss the ice beast.
The ice beast is almost dead.
The gnoll hits you but does no damage. The ice beast hits you.
The ice beast freezes you!
* * * LOW HITPOINT WARNING * * *
The gnoll hits you but does no damage.
You completely miss the ice beast.
The ice beast is almost dead.
The ice beast barely misses you. You furiously retaliate!
You headbutt the ice beast!
You kill the ice beast!
The gnoll hits you but does no damage.
You hit the black bear.
The black bear is lightly wounded.
The gnoll hits you from afar with a +0 spear.
* * * LOW HITPOINT WARNING * * *
The black bear barely misses you. The black bear claws you.
* * * LOW HITPOINT WARNING * * *
The black bear completely misses you. The gnoll hits you but does no damage.
You barely miss the black bear. Your headbutt misses the black bear.
The black bear is lightly wounded.
The gnoll hits you but does no damage. The black bear bites you.
* * * LOW HITPOINT WARNING * * *
The black bear claws you but does no damage. x2
The gnoll hits you but does no damage.
You slice the black bear!!
The black bear is severely wounded.
You block the gnoll's attack.
The black bear bites you but does no damage.
The black bear claws you but does no damage.
The black bear misses you.
The gnoll hits you from afar with a +0 halberd!
You die...

..........####
##########....#... .
#........#..>.'... ..
#........'....#... ...
#........#....#### ....
#........#........ .....
#........#........
.....g#........#......##
.....oh@.......#......#.
.....g#).......#.....##.
$.... ##########....++..
.... #.. ... ... .. ###.
. #.#+ ##... +....


You could see a black bear, 2 gnolls and an orc.

Vanquished Creatures
  An ice beast (D:6)
  2 centaurs
  A bullfrog (D:6)
  A scorpion (D:6)
  A bombardier beetle (D:5)
  A jelly (D:4)
  A gnoll bouda (D:6)
  2 hounds
  Jessica (D:2)
  3 iguanas
  2 orc wizards (D:5)
  A sleepcap (D:4)
  6 gnolls
  6 adders
  A white imp (D:6)
  2 dart slugs
  A ribbon worm (D:4)
  5 orcs
  3 bats
  2 endoplasms
  3 giant cockroaches
  5 goblins
  9 hobgoblins
  4 jackals (D:2)
  2 quokkas (D:4)
  5 ball pythons
  2 frilled lizards
  9 kobolds
  6 rats
88 creatures vanquished.

Notes
Turn   | Place    | Note
-------+----------+-------------------------------------------
     0 | D:1      | Fodor the Minotaur Fighter began the quest for the Orb.
     0 | D:1      | Reached XP level 1. HP: 19/19 MP: 0/0
    97 | D:1      | Reached XP level 2. HP: 25/27 MP: 1/1
   599 | D:2      | Reached skill level 3 in Axes
   614 | D:2      | Reached XP level 3. HP: 27/33 MP: 2/2
   635 | D:2      | Reached XP level 4. HP: 31/40 MP: 3/3
   837 | D:2      | Noticed Jessica
   842 | D:2      | Killed Jessica
   843 | D:2      | Reached skill level 4 in Axes
  1133 | D:3      | Reached XP level 5. HP: 46/46 MP: 4/4
  1563 | D:4      | Reached skill level 5 in Armour
  1634 | D:4      | Reached skill level 5 in Axes
  2029 | D:4      | Reached XP level 6. HP: 53/53 MP: 5/5
  2075 | D:5      | Entered Level 5 of the Dungeon
  2259 | D:5      | Reached skill level 6 in Axes
  2493 | D:5      | Reached skill level 5 in Fighting
  2493 | D:5      | Reached XP level 7. HP: 47/61 MP: 6/6
  2569 | D:5      | Found a basalt altar of Yredelemnul.
  2758 | D:6      | Reached skill level 7 in Axes
  2816 | D:6      | Gained mutation: You passively dampen the noise of your
                  | surroundings. [potion of mutation]
  2816 | D:6      | Gained mutation: You are occasionally teleported next to
                  | monsters. [potion of mutation]
  2816 | D:6      | Gained mutation: Your muscles are strong. (Str +4, Int/Dex
                  | -1) [potion of mutation]
  2816 | D:6      | Gained mutation: Your flesh is heat resistant. (rF+)
                  | [potion of mutation]
  2817 | D:6      | HP: 2/61 [iguana (6)]
  2833 | D:6      | Slain by a gnoll

Illustrated notes

Levels and vault maps discovered:
D:1:      minmay_arrival_doors, layout_rooms, nrook_loot_triangle
D:2:      layout_rooms, uniq_jessica
D:3:      layout_rooms
D:4:      layout_gridville
D:5:      layout_rooms, nicolae_overflow_hidden_temple
D:6:      nicolae_cairo_tiling_very_big, layout_gridville,
          mainiacjoe_overflow_alcove_3, minmay_temple_entry_drinking_statues,
          minivault_25

Skill      XL: |  1  2  3  4  5  6  7 |
---------------+----------------------+-----
Armour         | 4 5 6 |  6.6
Axes           | 3 4 5 6 7 |  7.5
Shields        | 4 |  4.8
Fighting       | 4 5 |  5.6
Dodging        | |  0.7
Stealth        | |  0.3

Action                     |  1- 3 |  4- 6 |  7- 9 || total
---------------------------+-------+-------+-------++-------
  Melee: War axe           |    41 |   130 |    43 ||   214
         Headbutt          |     6 |    10 |    12 ||    28
    Use: Potion            |       |       |     3 ||     3
 Armour: Scale mail        |    12 |       |       ||    12
         Plate armour      |    30 |   148 |    64 ||   242
  Dodge: Dodged            |    15 |    37 |    42 ||    94
  Block: Buckler           |     8 |    25 |    18 ||    51

Table legend: (Time is in decaauts)
 A = Elapsed time spent in this place.
 B = Non-inter-level travel time spent in this place.
 C = Inter-level travel time spent in this place.
 D = Time resting spent in this place.
 E = Time spent auto-exploring this place.
 F = Levels seen in this place.
 G = Mean time per level.
                   A        B        C        D        E       F      G
               +--------+--------+--------+--------+--------+-----+--------+
         Total |   2894 |   2828 |     66 |    100 |   1831 |   6 |  482.3 |
       Dungeon |   2894 |   2828 |     66 |    100 |   1831 |   6 |  482.3 |
               +--------+--------+--------+--------+--------+-----+--------+

Top non-repeatable levels by time:
     D:1: 585 daAuts
     D:5: 579 daAuts
     D:4: 559 daAuts
     D:2: 506 daAuts
     D:3: 472 daAuts
     D:6: 191 daAuts
